[Event "RUS-ch Blitz Women 2018"]
[Site "Sochi"]
[Date "2018.10.07"]
[Round "20"]
[White "Lysenko, Margarita"]
[Black "Shuvalova, Polina"]
[Result "1-0"]
[ECO "A15"]
[WhiteElo "2122"]
[BlackElo "2421"]
[Annotator "NA"]
[PlyCount "143"]
[EventDate "2018.10.07"]
[EventType "swiss"]
[EventCountry "RUS"]
[SourceTitle "playchess.com"]
[Source "ChessBase"]
[SourceQuality "1"]
[TimeControl "180+2"]

1. c4 Nf6 2. Nf3 e6 3. g3 d5 4. Bg2 d4 5. O-O c5 6. d3 Nc6 7. e3 Be7 8. exd4 cxd4 9. Re1 O-O 10. Ne5 Nxe5 11. Rxe5 Nd7 12. Re1 a5 13. Nd2 Nc5 14. Ne4 Na6 15. b3 Bd7 16. Rb1 Bc6 17. a3 Re8 18. f4 Bf8 19. Ra1 $11 g6 20. Bd2 Be7 21. Qc2 Qc7 22. Qb2 f5 23. Nf2 Bxg2 24. Kxg2 Bf6 25. b4 axb4 26. axb4 Rad8 27. b5 Nc5 28. Ra7 e5 29. fxe5 Bxe5 30. Ba5 Qb8 31. Bxd8 Qxa7 32. Bg5 b6 33. Bf4 Qa8+ 34. Kg1 Bxf4 35. Rxe8+ Qxe8 36. gxf4 Qe3 37. Qc2 Qxf4 38. Qa2 Qg5+ 39. Kf1 Qc1+ 40. Kg2 Qg5+ 41. Kf1 Qf4 42. Qa8+ Kg7 43. Qa7+ Kh6 44. Ke2 Qe3+ 45. Kf1 Qf3 46. Qa3 Ne4 47. Qc1+ Ng5 48. h4 f4 49. hxg5+ Kxg5 50. Qd1 Qe3 51. Qg4+ Kf6 52. Qh4+ Kg7 53. Qg4 h5 54. Qd7+ Kh6 55. Qd8 f3 56. Qh8+ Kg5 57. Qd8+ Kh6 58. Qf8+ Kg5 59. Ne4+ Kg4 60. Nf2+ Kg3 61. Ne4+ Kg4 62. Qc8+ Kh4 63. Qd8+ Kg4 64. Qd7+ Kh4 65. Qe7+ Kg4 66. Qe6+ Kh4 67. Qf6+ g5 68. Qxg5+ Qxg5 69. Nxg5 Kxg5 70. c5 bxc5 71. b6 c4 72. b7 1-0